 Dungeon Crawl Stone Soup version 0.30-a0-304-gdc4b735fe1 (console) character file.

Game seed: 17889085174912063091

3108 emilazy the Martial Artist (level 9, -1/68 HPs)
             Began as a Gnoll Transmuter on Oct 20, 2022.
             Was an Elder of Nemelex Xobeh.
             Killed by the air
             ... invoked by Gastronok
              (45 damage)
             ... on level 8 of the Dungeon.
             The game lasted 00:42:50 (9218 turns).

emilazy the Martial Artist (Gnoll Transmuter)       Turns: 9218, Time: 00:42:53

Health: -1/68      AC:  2    Str: 11    XL:     9   Next: 90%
Magic:  18/19      EV: 26    Int: 22    God:    Nemelex Xobeh [****..]
Gold:   84         SH:  0    Dex: 23    Spells: 8/22 levels left

rFire   . . .      SeeInvis .      - Unarmed
rCold   . . .      Faith    .    (shield currently unavailable)
rNeg    . . .      Spirit   .    (body armour currently unavailable)
rPois   x          Reflect  .    (helmet currently unavailable)
rElec   .          Harm     .    (cloak currently unavailable)
rCorr   .          Rampage  .    (gloves currently unavailable)
Will    .....                    (boots currently unavailable)
Stlth   +++.......               (no amulet)
HPRegen 0.31/turn                L - +6 ring of intelligence
MPRegen 0.16/turn                H - +6 ring of dexterity

@: mighty, spider-form, hasted, very quick
A: venomous fangs, tiny, (fangs 1), strong nose, distributed training
a: End Transformation, Renounce Religion, Draw Escape, Draw Destruction, Draw
Summoning, Triple Draw, Deal Four


You were on level 8 of the Dungeon.
You worshipped Nemelex Xobeh.
Nemelex Xobeh was greatly pleased with you.
You were a venomous arachnid creature.
You visited 1 branch of the dungeon, and saw 8 of its levels.

You collected 370 gold pieces.
You spent 286 gold pieces at shops.

Inventory:

Hand Weapons
 j - a +3 dagger of venom
 n - a +0 sling
 u - the +8 sling of Loshrelod {drain, Fragile rPois rF+ rN+ Str+2}
   (You found it on level 3 of the Dungeon)

   A truly terrible weapon, it drains the life of any living foe it strikes.
   Str:       It affects your strength (+2).
   rF:        It protects you from fire.
   rPois:     It protects you from poison.
   rN:        It protects you from negative energy.
   Fragile:   It will be destroyed if unequipped.
Missiles
 e - a throwing net
 f - 6 boomerangs of dispersal
 m - 91 stones
 D - 5 boomerangs
Armour
 c - a +0 robe of cold resistance (melded)
 K - a +0 cloak (melded)
Jewellery
 v - a ring of willpower
 E - a ring of magical power
 H - a +6 ring of dexterity (right front leg)
 L - a +6 ring of intelligence (left front leg)
Wands
 g - a wand of roots (5)
 k - a wand of polymorph (10)
 C - a wand of digging (6)
 J - a wand of mindburst (13)
Scrolls
 a - a scroll of torment {unknown}
 h - 3 scrolls of poison
 i - a scroll of fog
 l - a scroll of summoning
 o - a scroll of enchant weapon
 p - a scroll of teleportation
 s - a scroll of blinking
 t - a scroll of amnesia
 x - a scroll of vulnerability
 y - 2 scrolls of magic mapping
 F - a scroll of silence {unknown}
Potions
 b - 2 potions of lignification
 d - 4 potions of attraction
 q - 2 potions of brilliance
 r - a potion of invisibility
 w - 2 potions of might
 z - 3 potions of curing
 A - 3 potions of flight
 B - 2 potions of degeneration
 G - a potion of ambrosia
 I - a potion of cancellation
 M - a potion of haste


   Skills:
 + Level 5.6 Fighting
 + Level 4.9 Short Blades
 + Level 4.9 Long Blades
 + Level 4.9 Axes
 + Level 4.9 Maces & Flails
 + Level 4.9 Polearms
 + Level 4.9 Staves
 + Level 4.9 Ranged Weapons
 + Level 4.9 Throwing
 + Level 4.9 Armour
 + Level 6.7 Dodging
 + Level 4.9 Stealth
 + Level 4.9 Shields
 + Level 8.2 Unarmed Combat
 + Level 7.1 Spellcasting
 + Level 4.0 Conjurations
 + Level 4.0 Hexes
 + Level 4.0 Summonings
 + Level 4.0 Necromancy
 + Level 4.0 Translocations
 + Level 5.6 Transmutations
 + Level 4.0 Fire Magic
 + Level 4.0 Ice Magic
 + Level 4.0 Air Magic
 + Level 4.0 Earth Magic
 + Level 4.0 Poison Magic
 + Level 5.3 Invocations
 + Level 4.9 Evocations


You had 8 spell levels left.
You knew the following spells:

 Your Spells              Type           Power      Damage    Failure   Level
a - Beastly Appendage     Tmut           64%        N/A       4%          1
b - Wereblood             Tmut           32%        N/A       6%          2
c - Spider Form           Tmut/Pois      29%        N/A       11%         3
d - Blink                 Tloc           50%        N/A       9%          2
e - Ice Form              Ice/Tmut       29%        N/A       26%         4
f - Ensorcelled Hibernat  Hex/Ice        50%        N/A       9%          2

Your spell library contained the following spells:

 Spells                   Type           Power      Damage    Failure   Level
 Shock                    Conj/Air       100%       1d9       7%          1
 Cigotuvi's Dreadful Rot  Necr/Pois/Air  50%        N/A       9%          2
 Momentum Strike          Conj/Tloc      50%        3d9       9%          2
 Lesser Beckoning         Tloc           50%        N/A       14%         3
 Stone Arrow              Conj/Erth      50%        3d10      14%         3
 Swiftness                Air            25%        N/A       14%         3
 Airstrike                Air            12%        2d(2-18)  34%         4
 Anguish                  Hex/Necr       12%        N/A       34%         4
 Animate Armour           Summ/Erth      50%        N/A       34%         4
 Dispel Undead            Necr           25%        3d12      34%         4
 Death Channel            Necr           12%        N/A       98%         6
 Lehudib's Crystal Spear  Conj/Erth      12%        10d4      100%        8


Dungeon Overview and Level Annotations

Branches:
Dungeon (8/15)             Temple (0/1) D:5
   Lair: D:8-11

Altars:
Ashenzari
Makhleb
Nemelex Xobeh
Ru
Sif Muna
Trog
Xom
Yredelemnul
The Shining One

Shops:
D:8 !

Annotations:
D:4 exclusion: gnoll
D:6 exclusions: orc and scorpion
D:7 exclusions: hornet and 6 more exclusions
D:8 exclusion: orc, Gastronok


Innate Abilities, Weirdness & Mutations

You are a venomous arachnid creature.
You have poisonous fangs.
You are tiny and dextrous.
Your spellcasting is less reliable in this form.
Your armour is entirely melded.
You are incapable of wielding weapons or throwing items.
((You have very sharp teeth.))
Your uncanny sense of smell can sniff out nearby items.
Your experience applies equally to all skills.


Message History

Your +0 cloak melds into your body.
Your +0 robe of cold resistance melds into your body.
You feel less resistant to cold.
Okay, then.
Unknown command.
You climb downwards.
Level annotation: exclusion: orc, Gastronok
There is a stone staircase leading up here.
Gastronok gurgles horribly!
You bite Gastronok!
Gastronok is poisoned.
Gastronok is lightly wounded.
Gastronok bites you!!
You bite Gastronok!
Gastronok is lightly wounded.
You bite Gastronok!
Gastronok looks as sick as possible!
Gastronok is moderately wounded.
You bite Gastronok!
Gastronok is moderately wounded.
You hit Gastronok but do no damage.
Gastronok looks as sick as possible!
Gastronok is moderately wounded.
Gastronok misses you.
You bite Gastronok!
Gastronok looks as sick as possible!
Gastronok is heavily wounded.
You maul Gastronok!!
Gastronok looks as sick as possible!
Gastronok is severely wounded.
You hit Gastronok.
Gastronok is severely wounded.
A wyvern zombie comes into view.
Gastronok closely misses you.
You bite Gastronok!
Gastronok looks as sick as possible!
Gastronok is severely wounded.
You bite Gastronok!
Gastronok looks as sick as possible!
Gastronok is severely wounded.
You hit Gastronok.
Gastronok looks as sick as possible!
Gastronok is severely wounded.
Gastronok waves his eye-stalks in wide circles.
The air twists around and strikes you!!!
Ouch! That really hurt!
You die...
Your body glows slightly and disappears.

,,,,,,,,,.................#......
*******,*##.^....########.##.#...
*,**######.....## #....#...
*,*.♣♣*#######..# #..###...
***,...*...####.###..# #...
#♣,,*,♣.♣♣...# #......# ####
*..♣♣♣♣♣.♣...# ####...# **
***,♣....♣♣....# #...#
,***,,*,♣._.♣.♣ws.######...#
,*,,,*,*♣ZZ.♣ZZ........<.>##
,*,,,**,*,,♣..♣♣.##.......#######
,*,,,,,*,,,♣.♣♣#..+..............
,******,*,♣.♣.*####.......####...
,******,,*♣.*## #.......# #...
,,,,,,,,,*##* #.......# #...
*******,,,* ######### #... *
*,,,* #...


You could see Gastronok (extremely poisoned), a wyvern zombie and a howler
monkey zombie.

Vanquished Creatures
  6 yaks (D:7)
  A steam dragon (D:8)
  An acid dragon (D:8)
  A water moccasin (D:5)
  A black bear (D:4)
  3 ice beasts
  An ogre (D:4)
  A centaur (D:7)
  A phantom (D:7)
  2 bullfrogs (D:6)
  3 scorpions
  A necrophage (D:6)
  A wyvern zombie (D:8)
  3 wights (D:7)
  2 jellies
  2 howler monkeys
  A centaur zombie (D:8)
  3 orc priests
  6 hounds
  Jessica (D:2)
  4 iguanas (D:5)
  An orc wizard (D:4)
  A killer bee zombie (D:8)
  5 adders
  A white imp (D:5)
  4 dart slugs
  9 orcs
  4 ball pythons
  4 endoplasms
  3 giant cockroaches (D:1)
  5 goblins
  4 hobgoblins
  12 jackals
  2 quokkas
  5 bats
  4 frilled lizards
  7 kobolds
  5 rats
121 creatures vanquished.

Notes
Turn   | Place    | Note
-------+----------+-------------------------------------------
     0 | D:1      | emilazy the Gnoll Transmuter began the quest for the Orb.
     0 | D:1      | Reached XP level 1. HP: 17/17 MP: 6/6
   123 | D:1      | Reached XP level 2. HP: 23/23 MP: 7/7
   315 | D:1      | Reached skill level 5 in Spellcasting
   315 | D:1      | Reached XP level 3. HP: 19/28 MP: 7/9
   357 | D:1      | Learned a level 2 spell: Wereblood
   965 | D:1      | Found a faded altar of an unknown god.
   981 | D:1      | Prayed at the altar of an unknown god.
   981 | D:1      | Became a worshipper of Nemelex Xobeh the Trickster
   981 | D:1      | Reached * piety under Nemelex Xobeh
  1062 | D:2      | Reached skill level 1 in Invocations
  1263 | D:2      | Reached skill level 1 in Short Blades
  1263 | D:2      | Reached skill level 1 in Long Blades
  1263 | D:2      | Reached skill level 1 in Axes
  1263 | D:2      | Reached skill level 1 in Maces & Flails
  1263 | D:2      | Reached skill level 1 in Polearms
  1263 | D:2      | Reached skill level 1 in Staves
  1263 | D:2      | Reached skill level 1 in Ranged Weapons
  1263 | D:2      | Reached skill level 1 in Throwing
  1263 | D:2      | Reached skill level 1 in Armour
  1263 | D:2      | Reached skill level 1 in Stealth
  1263 | D:2      | Reached skill level 1 in Shields
  1263 | D:2      | Reached skill level 1 in Evocations
  1328 | D:2      | Received a gift from Nemelex Xobeh
  1333 | D:2      | Learned a level 3 spell: Spider Form
  1466 | D:2      | Noticed Jessica
  2056 | D:2      | Killed Jessica
  2057 | D:2      | Reached skill level 1 in Conjurations
  2057 | D:2      | Reached skill level 1 in Hexes
  2057 | D:2      | Reached skill level 1 in Summonings
  2057 | D:2      | Reached skill level 1 in Necromancy
  2057 | D:2      | Reached skill level 1 in Translocations
  2057 | D:2      | Reached skill level 1 in Fire Magic
  2057 | D:2      | Reached skill level 1 in Ice Magic
  2057 | D:2      | Reached skill level 1 in Air Magic
  2057 | D:2      | Reached skill level 1 in Earth Magic
  2057 | D:2      | Reached skill level 1 in Poison Magic
  2057 | D:2      | Reached XP level 4. HP: 34/34 MP: 9/11
  2091 | D:3      | Found a shimmering altar of Xom.
  2227 | D:3      | Reached XP level 5. HP: 23/40 MP: 10/12
  2501 | D:3      | Identified the +8 sling of Loshrelod {drain, Fragile rPois
                  | rF+ rN+ Str+2}
  2717 | D:3      | Reached ** piety under Nemelex Xobeh
  3357 | D:4      | Reached skill level 5 in Dodging
  3357 | D:4      | Reached XP level 6. HP: 25/47 MP: 14/14
  3698 | D:4      | Found a glowing golden altar of the Shining One.
  3913 | D:4      | Found a sacrificial altar of Ru.
  4019 | D:4      | Reached skill level 7 in Unarmed Combat
  4019 | D:4      | Reached XP level 7. HP: 52/52 MP: 12/15
  4675 | D:5      | Entered Level 5 of the Dungeon
  4807 | D:5      | Reached *** piety under Nemelex Xobeh
  4827 | D:5      | Found a staircase to the Ecumenical Temple.
  4990 | D:5      | Found a shimmering blue altar of Sif Muna.
  5695 | D:5      | Found a bloodstained altar of Trog.
  5914 | D:5      | Reached XP level 8. HP: 27/60 MP: 16/16
  6100 | D:5      | Found a burning altar of Makhleb.
  6305 | D:6      | Learned a level 2 spell: Blink
  6310 | D:6      | Learned a level 4 spell: Ice Form
  6327 | D:6      | Received a gift from Nemelex Xobeh
  7265 | D:7      | Noticed a hornet
  7282 | D:7      | Reached skill level 5 in Transmutations
  7406 | D:7      | Reached XP level 9. HP: 55/66 MP: 18/18
  7443 | D:7      | Learned a level 2 spell: Ensorcelled Hibernation
  7604 | D:7      | Reached skill level 5 in Fighting
  7608 | D:7      | Reached skill level 8 in Unarmed Combat
  7612 | D:7      | Reached skill level 5 in Invocations
  7810 | D:7      | Received a gift from Nemelex Xobeh
  7819 | D:7      | Reached **** piety under Nemelex Xobeh
  7888 | D:7      | Found a broken altar of Ashenzari.
  8036 | D:7      | :|
  8822 | D:8      | Received a gift from Nemelex Xobeh
  8827 | D:8      | Found Neinipt's Distillery.
  8835 | D:8      | Bought a potion of haste for 110 gold pieces
  8835 | D:8      | Bought 2 potions of curing for 66 gold pieces
  8835 | D:8      | Bought a potion of haste for 110 gold pieces
  9015 | D:8      | Found a basalt altar of Yredelemnul.
  9015 | D:8      | Noticed Gastronok
  9218 | D:8      | Killed from afar by Gastronok

Illustrated notes

. .. ... #########
.... ##?.Kg...#
..... .....))Kb..#
......####.......#
#............#
#..###..)....#
#..# #.......#
#..# #.......#
#..# #.......#
#..# #)..#####


Turn 8036 on D:7: :|

Levels and vault maps discovered:
D:1:      minmay_arrival_jagged, layout_loops_corners,
          dreamdust_ecumenical_altar_grove
D:2:      layout_basic, hex_medium, minivault_4, uniq_jessica
D:3:      layout_basic, mainiacjoe_overflow_surrounded_room
D:4:      layout_gridville, nicolae_ru_awakened_eye, tso_altar,
          grunt_ministairs_7
D:5:      layout_basic, makhleb_blood_cavern_becter,
          nicolae_overflow_crystal_walls, trog_butcher_becter,
          minmay_temple_entry_mist, grunt_ministairs_15
D:6:      layout_basic, serial_rivers, chequers_serial_rivers_large_a,
          chequers_serial_rivers_micro_a, chequers_serial_rivers_micro_b,
          chequers_serial_rivers_micro_b, corexii_leaking_fountain, uniq_pikel
D:7:      layout_rooms, ashenzari_altar_1
D:8:      layout_basic, nicolae_yredelemnul_corpse_copse, nicolae_stop_n_shop_2,
          columned_hall_lemuel, uniq_gastronok

Skill      XL: |  1  2  3  4  5  6  7  8  9 |
---------------+----------------------------+-----
Spellcasting   | 5 6 7 |  7.1
Invocations    | 1 2 3 4 5 |  5.3
Short Blades   | 1 2 3 4 |  4.9
Long Blades    | 1 2 3 4 |  4.9
Axes           | 1 2 3 4 |  4.9
Maces & Flails | 1 2 3 4 |  4.9
Polearms       | 1 2 3 4 |  4.9
Staves         | 1 2 3 4 |  4.9
Ranged Weapons | 1 2 3 4 |  4.9
Throwing       | 1 2 3 4 |  4.9
Armour         | 1 2 3 4 |  4.9
Stealth        | 1 2 3 4 |  4.9
Shields        | 1 2 3 4 |  4.9
Evocations     | 1 2 3 4 |  4.9
Conjurations   | 1 2 3 4 |  4.0
Hexes          | 1 2 3 4 |  4.0
Summonings     | 1 2 3 4 |  4.0
Necromancy     | 1 2 3 4 |  4.0
Translocations | 1 2 3 4 |  4.0
Fire Magic     | 1 2 3 4 |  4.0
Ice Magic      | 1 2 3 4 |  4.0
Air Magic      | 1 2 3 4 |  4.0
Earth Magic    | 1 2 3 4 |  4.0
Poison Magic   | 1 2 3 4 |  4.0
Fighting       | 3 4 5 |  5.6
Transmutations | 4 5 |  5.6
Dodging        | 5 6 |  6.7
Unarmed Combat | 7 8 |  8.2

Action                   |  1- 3 |  4- 6 |  7- 9 || total
-------------------------+-------+-------+-------++-------
Melee: Unarmed           |   119 |    62 |   240 ||   421
       Bite              |     8 |     6 |    25 ||    39
       Kick              |     6 |    13 |    42 ||    61
       Headbutt          |     2 |     5 |    25 ||    32
       Punch             |     3 |     1 |     2 ||     6
Throw: Boomerang         |       |       |     2 ||     2
 Cast: Beastly Appendage |     7 |     7 |    18 ||    32
       Wereblood         |     1 |     1 |     3 ||     5
       Spider Form       |       |     1 |     8 ||     9
       Blink             |       |       |     1 ||     1
Invok: Draw Destruction  |       |     1 |     4 ||     5
       Draw Escape       |       |       |     3 ||     3
Evoke: Wand              |       |       |     4 ||     4
  Use: Scroll            |       |    12 |    12 ||    24
       Potion            |       |       |     6 ||     6
 Stab: Sleeping          |     2 |     1 |     5 ||     8
Armor: Robe              |    22 |     5 |    10 ||    37
Dodge: Dodged            |    70 |    24 |   169 ||   263

Table legend: (Time is in decaauts)
 A = Elapsed time spent in this place.
 B = Non-inter-level travel time spent in this place.
 C = Inter-level travel time spent in this place.
 D = Time resting spent in this place.
 E = Time spent auto-exploring this place.
 F = Levels seen in this place.
 G = Mean time per level.
                   A        B        C        D        E       F      G
               +--------+--------+--------+--------+--------+-----+--------+
         Total |   9201 |   8771 |    430 |   2159 |   5036 |   8 | 1150.1 |
       Dungeon |   9201 |   8771 |    430 |   2159 |   5036 |   8 | 1150.1 |
               +--------+--------+--------+--------+--------+-----+--------+

Top non-repeatable levels by time:
     D:5: 1596 daAuts
     D:4: 1492 daAuts
     D:7: 1299 daAuts
     D:3: 1093 daAuts
     D:2: 1044 daAuts
     D:1: 1020 daAuts
     D:6: 938 daAuts
     D:8: 716 daAuts
